 Dungeon Crawl Stone Soup version 0.18-a0-946-g3ac5b32 (webtiles) character file.

1120 Yawgmoth the Digger (level 8, -6/50 HPs)
             Began as a Gargoyle Earth Elementalist on Dec 29, 2015.
             Was a Follower of Vehumet.
             Mangled by an iguana (10 damage)
             ... on level 5 of the Dungeon.
             The game lasted 00:17:29 (4599 turns).

Yawgmoth the Digger (Gargoyle Earth Elementalist)   Turns: 4599, Time: 00:17:29

Health: -6/50      AC:  0    Str: 13    XL:     8   Next: 34%
Magic:  16/16      EV:  6    Int: 17    God:    Vehumet [*.....]
Gold:   162        SH:  0    Dex: 10    Spells: 4 memorised, 7 levels left

rFire  . . .     SeeInvis .     v - +0 whip (venom)
rCold  . . .     Gourm    .     E - +0 leather armour
rNeg   + . .     Faith    .     (no shield)
rPois  ∞         Spirit   .     A - +0 helmet
rElec  +         Dismiss  .     l - +1 cloak
rCorr  .         Reflect  .     (no gloves)
SustAt .         Harm     .     (no boots)
MR     .....                    t - amulet of regeneration
Stlth  ++........               (no ring)
                                (no ring)

@: corroded equipment, not resistant to hostile enchantments, unstealthy
A: negative energy resistance 1, electricity resistance, unbreathing,
petrification resistance, rot immunity, AC +5
a: Renounce Religion


You were on level 5 of the Dungeon.
You worshipped Vehumet.
Vehumet was aware of your devotion.
You were not hungry.

You visited 2 branches of the dungeon, and saw 6 of its levels.
You also visited: Sewer.

You collected 162 gold pieces.

Inventory:

Hand Weapons
 i - a +0 blowgun
 v - a +0 whip of venom (weapon)
Missiles
 b - 103 stones (quivered)
 p - 11 poisoned needles
Armour
 l - a +1 cloak (worn)
 A - a +0 helmet (worn)
 E - a +0 leather armour (worn)
Jewellery
 t - an amulet of regeneration (around neck)
Wands
 x - a wand of enslavement (10/24)
Scrolls
 f - 6 scrolls of identify {unknown}
 h - a scroll of remove curse {unknown}
 q - a scroll of recharging {unknown}
 r - a scroll of fear {unknown}
 u - 3 scrolls of teleportation {unknown}
 y - a scroll of amnesia {unknown}
 C - a scroll of enchant armour {unknown}
Potions
 a - 2 potions of ambrosia {unknown}
 e - a potion of curing {unknown}
 g - a potion of invisibility {unknown}
 m - 2 potions of agility {unknown}
 n - a potion of brilliance {unknown}
 s - a potion of lignification {unknown}
 w - a potion of might {unknown}
 z - 2 potions of heal wounds {unknown}
Books
 c - a book of Geomancy

   Spells                             Type                      Level
   a - Sandblast                      Earth                        1
   b - Stoneskin                      Transmutation/Earth          2
   c - Passwall                       Transmutation/Earth          3
   d - Stone Arrow                    Conjuration/Earth            3
   e - Petrify                        Transmutation/Earth          4
   f - Lee's Rapid Deconstruction     Earth                        5
Comestibles
 d - 5 bread rations
 k - 6 meat rations
 o - 2 fruits
 B - a beef jerky
 D - 4 chunks of flesh


   Skills:
 + Level 5.5 Fighting
 - Level 1.5 Dodging
 - Level 2.1 Stealth
 + Level 5.5 Spellcasting
 - Level 0.7 Transmutations
 + Level 7.7 Earth Magic


You had 7 spell levels left.
You knew the following spells:

 Your Spells              Type           Power        Failure   Level  Hunger
a - Sandblast             Erth           ####..       1%          1    None
b - Stoneskin             Trmt/Erth      ###.....     6%          2    #......
c - Stone Arrow           Conj/Erth      ###...       12%         3    ##.....
d - Lee's Rapid Deconstr  Erth           ####......   21%         5    ######.


Dungeon Overview and Level Annotations

Branches:
Dungeon (5/15)             Temple (1/1) D:4

Altars:
Ashenzari
Fedhas
Kikubaaqudgha
Makhleb
Okawaru
Pakellas
Ru
Vehumet
Xom
Yredelemnul
Zin
The Shining One


Innate Abilities, Weirdness & Mutations

You are resistant to torment.
Your stone body is resilient (AC +5).
You are immune to poison.
You resist negative energy.
You are resistant to electric shocks.
You can survive without breathing.
You are immune to petrification.
You are immune to rotting.


Message History

Okay, then.
Drink which item? (? for menu, Esc to quit)
Okay, then.
Found a scroll labeled ZIUXIB ASOWY.
Found a dark potion.
The jelly hits you but does no damage. The iguana bites you!
* * * LOW HITPOINT WARNING * * *
The iguana hisses menacingly.
There is a stone staircase leading up here.
The jelly hits you but does no damage.
The jelly jiggles.
An orc comes into view. It is wielding a hand axe.
There is an escape hatch in the floor here.
The jelly looks more healthy.
The jelly hits you.
* * * LOW HITPOINT WARNING * * *
You are splashed with acid!
The acid corrodes you!
The acid burns!
* * * LOW HITPOINT WARNING * * *
The iguana bites you!
You die...

#########
##########........
#.................
#...<.............
#...Jl.......<....
#...@.............
#.................
#.#.................
#...............?.?!
...#####.)............
.. #..!<.###.?..### .
#.††%## .#..# #..o.#
##... #.....# .


You could see an iguana, a jelly and an orc (wandering).

Vanquished Creatures
  An ogre (D:5)
  The ghost of PinkishYellow the Gusty, an amateur TeAE (D:4)
  7 big kobolds (Sewer)
  A hound (D:5)
  2 iguanas (D:4)
  A giant frog skeleton (D:3)
  2 orc wizards
  Jessica (D:3)
  3 worker ants
  3 gnolls (D:4)
  A river rat (Sewer)
  7 adders
  2 oozes (Sewer)
  8 worms
  4 giant geckos
  11 orcs
  4 ball pythons
  6 bats (D:3)
  5 giant cockroaches
  11 hobgoblins
  3 jackals (D:3)
  2 quokkas
  4 giant newts
  8 goblins
  10 kobolds
  8 rats
116 creatures vanquished.

Notes
Turn   | Place    | Note
--------------------------------------------------------------
     0 | D:1      | Yawgmoth the Gargoyle Earth Elementalist began the quest for the Orb.
     0 | D:1      | Reached XP level 1. HP: 10/10 MP: 3/3
   106 | D:1      | Reached XP level 2. HP: 6/15 MP: 0/5
   382 | D:1      | Reached skill level 4 in Earth Magic
  1488 | D:2      | Reached XP level 3. HP: 19/19 MP: 6/6
  2086 | D:3      | Noticed Jessica
  2091 | D:3      | Killed Jessica
  2091 | D:3      | Reached skill level 1 in Fighting
  2091 | D:3      | Reached XP level 4. HP: 17/25 MP: 8/8
  2262 | D:3      | Reached skill level 5 in Earth Magic
  2282 | D:3      | Reached XP level 5. HP: 30/30 MP: 8/10
  2807 | D:4      | Learned a level 2 spell: Stoneskin
  2811 | D:4      | Learned a level 3 spell: Stone Arrow
  2817 | D:4      | Learned a level 5 spell: Lee's Rapid Deconstruction
  2830 | D:4      | Found a staircase to the Ecumenical Temple.
  2842 | Temple   | Entered the Ecumenical Temple
  2863 | Temple   | Became a worshipper of Vehumet
  2891 | D:4      | Noticed PinkishYellow's ghost (amateur TeAE)
  2900 | D:4      | Killed PinkishYellow's ghost
  2900 | D:4      | Reached XP level 6. HP: 35/37 MP: 6/11
  2908 | D:4      | Found a glowing drain.
  2956 | Sewer    | Entered a sewer
  3177 | Sewer    | Reached skill level 6 in Earth Magic
  3210 | Sewer    | Reached XP level 7. HP: 38/42 MP: 13/13
  3713 | Sewer    | Reached skill level 7 in Earth Magic
  3754 | Sewer    | Reached skill level 5 in Spellcasting
  3806 | D:4      | Reached * piety under Vehumet
  3806 | D:4      | Offered knowledge of Shock by Vehumet.
  3806 | D:4      | Reached XP level 8. HP: 43/48 MP: 15/15
  3886 | D:4      | Reached skill level 5 in Fighting
  4551 | D:5      | Entered Level 5 of the Dungeon
  4599 | D:5      | Mangled by an iguana

Vault maps used:
D:1:      lightli_arrival_maybe_door_vault, feat_on_display
D:3:      first_bread, uniq_jessica
D:4:      lemuel_upstairs_altar, minmay_temple_entry_mist, gup_sewer_entry_glass
D:5:      kennysheep_steamy, grunt_temple_overflow_diamond
Temple:   circular_temple_13
Sewer:    sewer_co_tree

Action                   |  1- 3 |  4- 6 |  7- 9 || total
-------------------------+-------+-------+-------++-------
Melee: Club              |    34 |       |       ||    34
       Unarmed           |     1 |       |       ||     1
       Dagger            |    79 |    46 |       ||   125
       Whip              |       |   124 |   240 ||   364
 Cast: Sandblast         |    17 |     9 |       ||    26
 Stab: Sleeping          |     6 |     1 |       ||     7
  Eat: Chunk             |     4 |     3 |     5 ||    12
       Fruit             |       |     1 |     1 ||     2
